 Dungeon Crawl Stone Soup version 0.18.1-48-g4cf74bf (webtiles) character file.

98 Joat the Stinger (level 4, -4/29 HPs)
             Began as an Octopode Venom Mage on Aug 9, 2016.
             Slain by an orc priest
             ... wielding a +0 falchion
              (5 damage)
             ... on level 3 of the Dungeon.
             The game lasted 00:21:45 (3214 turns).

Joat the Stinger (Octopode Venom Mage)              Turns: 3214, Time: 00:21:46

Health: -4/29      AC:  1    Str:  8    XL:     4   Next: 71%
Magic:  3/7        EV: 12    Int: 17    God:
Gold:   97         SH:  0    Dex: 12    Spells: 2 memorised, 4 levels left

rFire  . . .     SeeInvis .     g - -2 hunting sling (curse)
rCold  . . .     Gourm    .     (no shield)
rNeg   . . .     Faith    .     (helmet restricted)
rPois  .         Spirit   .     e - amulet of dismissal
rElec  .         Dismiss  +     (no ring)
rCorr  .         Reflect  .     (no ring)
SustAt .         Harm     .     (no ring)
MR     .....                    (no ring)
Stlth  +++.......               (no ring)
                                (no ring)
                                (no ring)
                                (no ring)

@: not resistant to hostile enchantments, fairly stealthy
A: almost no armour, amphibious, 8 rings, constrict 8, camouflage 1, gelatinous
body 1
a: no special abilities


You were on level 3 of the Dungeon.
You were not hungry.

You visited 1 branch of the dungeon, and saw 3 of its levels.

You collected 97 gold pieces.

Inventory:

Hand Weapons
 g - a cursed -2 hunting sling (weapon)
 o - a +2 short sword of holy wrath
Missiles
 j - 12 sling bullets (quivered)
 l - 6 tomahawks
Jewellery
 e - an amulet of dismissal (around mantle)
Wands
 d - a wand of digging (19/24)
Scrolls
 r - a scroll of fog {unknown}
Potions
 c - a potion of agility
 f - a potion of flight
 i - 2 potions of resistance {unknown}
 m - a potion of brilliance {unknown}
 p - a potion of lignification {unknown}
 q - a potion of curing {unknown}
Books
 a - a Young Poisoner's Handbook

   Spells                             Type                      Level
   a - Sting                          Conjuration/Poison           1
   b - Cure Poison                    Poison                       2
   c - Mephitic Cloud                 Conjuration/Poison/Air       3
   d - Olgreb's Toxic Radiance        Poison                       4
   e - Venom Bolt                     Conjuration/Poison           5
Comestibles
 b - 2 bread rations
 h - a slice of pizza
 k - a beef jerky
 n - 2 royal jellies


   Skills:
 * Level 1.7 Fighting
 + Level 2.2 Dodging
 - Level 2.6 Stealth
 * Level 1.8 Unarmed Combat
 + Level 2.3 Spellcasting
 * Level 1.8 Conjurations
 + Level 5.1 Poison Magic


You had 4 spell levels left.
You knew the following spells:

 Your Spells              Type           Power        Failure   Level  Hunger
a - Sting                 Conj/Pois      ##..         4%          1    #......
b - Cure Poison           Pois           ###.......   3%          2    ###....


Dungeon Overview and Level Annotations

Branches:
Dungeon (3/15)

Altars:
Ashenzari
Dithmenos
Elyvilon
Okawaru
Trog
Xom


Innate Abilities, Weirdness & Mutations

You cannot wear most types of armour.
You are amphibious.
You can wear up to eight rings at the same time.
You can use your tentacles to constrict eight enemies at once.
Your skin changes colour to match your surroundings (Stealth).
Your rubbery body absorbs attacks (AC +1).


Message History

The sting hits the orc priest.
The orc priest appears unharmed.
The orc priest is moderately wounded.
The orc priest shouts!
The orc closely misses you.
The orc priest hits you with a falchion.
You clumsily bash the orc priest but do no damage.
You grab the orc priest. You squeeze the orc priest.
The orc priest is heavily wounded.
You constrict the orc priest, but do no damage.
The orc wizard drinks a potion.
The orc wizard flickers and vanishes!
Deactivating autopickup; reactivate with Ctrl-A.
The orc priest calls down the wrath of Beogh upon you.
Beogh smites you!
Ouch! That really hurt!
* * * LOW HITPOINT WARNING * * *
The orc hits you with a dagger.
* * * LOW HITPOINT WARNING * * *
You hear some strange, mumbled words.
The orc priest hits you with a falchion.
You die...

...... ###
......######### ...#
..............# ...
#.......# #.#
#.......#####.# .
#.......##....# ..
#...o...##....## ...
#..(...{##o....####...
###.....)o@.._......#
##########.....##..
..# ##....# ##..#
#....# #...# #.####
#.### ##.###### #.#
#.......# #.#
#.......# #.#
######.##


You could see 2 orc priests and an orc.

Vanquished Creatures
  A giant frog skeleton (D:3)
  An adder (D:2)
  A worm (D:3)
  3 dart slugs (D:1)
  2 giant geckos
  An orc (D:3)
  6 bats
  2 giant cockroaches (D:1)
  6 goblins
  6 hobgoblins
  3 jackals (D:1)
  2 quokkas
  3 giant newts
  7 kobolds
  5 rats
49 creatures vanquished.

Notes
Turn   | Place    | Note
--------------------------------------------------------------
     0 | D:1      | Joat the Octopode Venom Mage began the quest for the Orb.
     0 | D:1      | Reached XP level 1. HP: 11/11 MP: 3/3
   107 | D:1      | Reached XP level 2. HP: 12/18 MP: 1/5
   141 | D:1      | Learned a level 2 spell: Cure Poison
   493 | D:1      | Reached skill level 1 in Conjurations
   558 | D:1      | Reached skill level 1 in Unarmed Combat
   980 | D:1      | Reached XP level 3. HP: 22/22 MP: 4/6
  1394 | D:2      | Reached skill level 1 in Fighting
  1394 | D:2      | Reached skill level 5 in Poison Magic
  1650 | D:2      | Found a shattered altar of Ashenzari.
  1823 | D:2      | Reached XP level 4. HP: 28/28 MP: 5/7
  1934 | D:2      | Found a shimmering altar of Xom.
  1936 | D:2      | Found a shimmering altar of Xom.
  1937 | D:2      | Found a shimmering altar of Xom.
  2015 | D:2      | Found a shimmering altar of Xom.
  2015 | D:2      | Found a shimmering altar of Xom.
  2015 | D:2      | Found a shimmering altar of Xom.
  2048 | D:2      | Found a shadowy altar of Dithmenos.
  2048 | D:2      | Found a bloodstained altar of Trog.
  2721 | D:3      | Found a white marble altar of Elyvilon.
  2818 | D:3      | Found an iron altar of Okawaru.
  3214 | D:3      | HP: 1/29 [orc/dagger (3)]
  3214 | D:3      | Slain by an orc priest

Skill      XL: |  1  2  3 |
---------------+----------+-----
Conjurations   | 1 |  1.8
Unarmed Combat | 1 |  1.8
Fighting       | 1 |  1.7
Poison Magic   | 5 |  5.1
Dodging        | |  2.2
Stealth        | |  2.6
Spellcasting   | |  2.3

Action                   |  1- 3 |  4- 6 || total
-------------------------+-------+-------++-------
Melee: Unarmed           |    15 |       ||    15
       Constrict         |    13 |     8 ||    21
       Hunting sling     |    21 |    26 ||    47
       Tentacles         |     9 |     5 ||    14
       Punch             |     2 |     1 ||     3
 Fire: Hunting sling     |     6 |     5 ||    11
 Cast: Sting             |    42 |    28 ||    70
       Cure Poison       |     1 |     1 ||     2
  Use: Scroll            |     6 |     1 ||     7
 Stab: Sleeping          |       |     1 ||     1
  Eat: Chunk             |     3 |     5 ||     8
Armor: Skin              |     9 |     1 ||    10
Dodge: Dodged            |    30 |    27 ||    57
